 Dungeon Crawl Stone Soup version 0.17-a0-1767-gccbed74 (webtiles) character file.

1130 magipi the Slicer (level 8, -5/39 HPs)
             Began as a Spriggan Assassin on Sept 6, 2015.
             Was an Initiate of Gozag.
             Slain by a hell hog (14 damage)
             ... on level 1 of the Abyss.
             The game lasted 00:35:19 (6566 turns).

magipi the Slicer (Spriggan Assassin)               Turns: 6566, Time: 00:35:20

Health: -5/39      AC:  3    Str:  9    XL:     8   Next: 13%
Magic:  9/9        EV: 21    Int: 12    God:    Gozag
Gold:   216        SH:  0    Dex: 21    Spells: 0 memorised, 7 levels left

rFire  . . .     SeeInvis +     a - +2 dagger (speed)
rCold  . . .     Clarity  .     c - +0 robe
rNeg   . . .     SustAt   .     (shield restricted)
rPois  .         Gourm    .     (helmet restricted)
rElec  .         Spirit   .     d - +0 cloak
rCorr  +         Warding  .     (gloves unavailable)
rMut   .         Stasis   .     (boots unavailable)
MR     +....                    D - amulet of resist corrosion
Stlth  ++........               x - +3 ring of dexterity
                                H - ring of wizardry

@: liquid flames, glowing, very quick, somewhat resistant to hostile
enchantments, unstealthy
A: unfitting armour, see invisible, herbivore 3, speed 3, slow metabolism 2
a: Potion Petition, Call Merchant, Bribe Branch, Renounce Religion


You were on level 1 of the Abyss.
You worshipped Gozag.
Gozag was noncommittal.
You were full.

You visited 1 branch of the dungeon, and saw 8 of its levels.
You visited the Abyss 1 time.

You collected 621 gold pieces.
You spent 330 gold pieces at shops.
You paid 75 gold pieces to Gozag.

Notes
Turn   | Place    | Note
--------------------------------------------------------------
     0 | D:1      | magipi the Spriggan Assassin began the quest for the Orb.
     0 | D:1      | Reached XP level 1. HP: 10/10 MP: 2/2
    83 | D:1      | Reached skill level 6 in Stealth
   463 | D:1      | Reached XP level 2. HP: 14/14 MP: 3/3
   928 | D:1      | Reached XP level 3. HP: 18/18 MP: 4/4
  1768 | D:2      | Reached XP level 4. HP: 18/22 MP: 5/5
  1827 | D:2      | Found a white marble altar of Elyvilon.
  2420 | D:3      | Reached skill level 5 in Short Blades
  2792 | D:3      | Reached XP level 5. HP: 25/25 MP: 6/6
  2997 | D:3      | Found an opulent altar of Gozag.
  2997 | D:3      | Found a sparkling altar of Nemelex Xobeh.
  3003 | D:3      | Became a worshipper of Gozag Ym Sagoz the Greedy
  3158 | D:3      | Found a burning altar of Makhleb.
  3163 | D:3      | Found a blossoming altar of Fedhas.
  3194 | D:4      | Noticed a phantom
  3283 | D:5      | Entered Level 5 of the Dungeon
  3288 | D:5      | Noticed kroki's ghost (experienced DEBe)
  3445 | D:4      | Noticed Sigmund
  3652 | D:4      | Found Puhoakho's Assorted Antiques.
  3657 | D:4      | Noticed an ogre
  3685 | D:4      | Reached XP level 6. HP: 30/30 MP: 7/7
  3788 | D:4      | Killed an ogre
  3788 | D:4      | Reached skill level 7 in Short Blades
  3831 | D:4      | Noticed an ogre
  3834 | D:4      | Killed an ogre
  3893 | D:4      | Reached skill level 8 in Short Blades
  3963 | D:4      | Reached XP level 7. HP: 14/33 MP: 8/8
  4199 | D:5      | Found a stormy altar of Qazlal.
  4477 | D:4      | Bought a scroll labeled YSEKYLA YNOIX for 33 gold pieces
  4477 | D:4      | Bought a short copper wand for 132 gold pieces
  4477 | D:4      | Bought a scroll labeled XELEEN PERIDGHO for 33 gold pieces
  4477 | D:4      | Bought a twisted silver wand for 132 gold pieces
  4508 | D:5      | Found a sparkling altar of Nemelex Xobeh.
  4561 | D:5      | Found a sacrificial altar of Ru.
  4837 | D:5      | Noticed a phantom
  4845 | D:5      | Noticed a sky beast
  5062 | D:6      | Reached skill level 9 in Short Blades
  5069 | D:6      | Noticed Menkaure
  5484 | D:7      | Reached XP level 8. HP: 39/39 MP: 9/9
  6025 | D:8      | Noticed Psyche
  6032 | D:8      | Cast into the Abyss (Psyche)
  6046 | Abyss:1  | Found a corrupted altar of Lugonu.
  6171 | Abyss:1  | Noticed an orange demon
  6245 | Abyss:1  | Noticed a smoke demon
  6253 | Abyss:1  | Noticed a starcursed mass
  6266 | Abyss:1  | Paralysed by accursed screaming for 1 turns
  6542 | Abyss:1  | Noticed a hell hog
  6554 | Abyss:1  | Noticed a hell hog
  6566 | Abyss:1  | Slain by a hell hog

Inventory:

Hand weapons
 a - a +2 dagger of speed (weapon)
 b - a +0 blowgun
 w - a +0 dagger of venom
 E - a +2 hand axe of electrocution
Missiles
 f - a curare-tipped needle
 C - a poisoned needle
Armour
 c - a +0 robe (worn)
 d - a +0 cloak (worn)
Jewellery
 x - a +3 ring of dexterity (right hand)
 z - an uncursed ring of sustain attributes
 D - an amulet of resist corrosion (around neck)
 H - a ring of wizardry (left hand)
Magical devices
 y - a wand of magic darts (25)
 A - a wand of cold (8)
 B - a wand of polymorph (12)
Scrolls
 i - a scroll of noise {unknown}
 j - 4 scrolls of remove curse
 l - a scroll of enchant armour {unknown}
 n - a scroll of immolation {unknown}
 p - a scroll of magic mapping {unknown}
 s - a scroll of teleportation
 t - a scroll of random uselessness {unknown}
 v - 2 scrolls of fog {unknown}
 G - a scroll of identify
Potions
 e - a potion of invisibility
 h - a potion of magic
 k - 3 potions of curing
 m - 2 potions of agility
 o - a potion of lignification
 q - a potion of flight {unknown}
 r - a potion of brilliance {unknown}
 u - a potion of might
Comestibles
 g - 4 bread rations
 F - a slice of pizza


   Skills:
 + Level 2.8 Fighting
 + Level 9.5 Short Blades
 - Level 2.1 Throwing
 + Level 4.4 Dodging
 + Level 6.5 Stealth


You had 7 spell levels left.
You didn't know any spells.

Dungeon Overview and Level Annotations

Branches:
Dungeon (8/15)
 Temple: D:4-7         Lair: D:8-11

Altars:
Elyvilon
Fedhas
Gozag
Makhleb
Nemelex Xobeh
Qazlal
Ru

Shops:
D:4 *

Annotations:
D:4 Sigmund
D:5 kroki's ghost, experienced DEBe
D:6 Menkaure
D:8 Psyche


Innate Abilities, Weirdness & Mutations

You are tiny and cannot use many weapons and most armour.
You have supernaturally acute eyesight.
You are a herbivore.
You cover ground extremely quickly.
You need consume almost no food.

Vault maps used:
D:1:      sevenhm_arrival_forest_fort_small_4, nrook_loot_triangle,
          minmay_misc_feat_doors, minmay_bisected
D:2:      lemuel_crystal_altar
D:3:      grunt_temple_overflow_opulence, nicolae_overflow_hidden_temple
D:4:      temple_hall, serial_shops, shop, uniq_sigmund
D:5:      kennysheep_mini, old_standard_altar, first_bread,
          nemelex_diamond_rough_becter
D:6:      lemuel_blue_sif_altar, minmay_misc_feat_cross, kennysheep_nub,
          grunt_ministairs_8, uniq_menkaure
D:8:      xom_confusion_cloud, enter_bailey_3, grunt_pizzeria, uniq_psyche,
          uniq_pikel


Message History

A starcursed mass splits. x2
A starcursed mass splits.
You hit the starcursed mass but do no damage.
The starcursed mass barely misses you.
You hit the starcursed mass but do no damage.
You hit the starcursed mass.
The starcursed mass is lightly damaged.
The starcursed mass shudders and is absorbed by its neighbour.
A starcursed mass splits.
The starcursed mass closely misses you.
You hit the starcursed mass but do no damage.
A starcursed mass splits. x2
You hit the starcursed mass but do no damage.
The starcursed mass misses you.
You hit the starcursed mass.
The starcursed mass is lightly damaged.
The starcursed mass shudders and is absorbed by its neighbour.
The starcursed mass engulfs you.
You hit the starcursed mass.
The starcursed mass is lightly damaged.
The starcursed mass shudders and is absorbed by its neighbour.
A deafening chorus of shrieks assaults your mind!
You suddenly lose the ability to move!
A starcursed mass splits.
The starcursed mass engulfs you!
You can move again.
You hit the starcursed mass but do no damage.
You hit the starcursed mass but do no damage.
The starcursed mass is lightly damaged.
The starcursed mass misses you.
You hit the starcursed mass but do no damage.
The starcursed mass is lightly damaged.
A starcursed mass splits.
A deafening chorus of shrieks assaults your mind!
* * * LOW HITPOINT WARNING * * *
Drink which item? (? for menu, Esc to quit)
You feel better. The starcursed mass engulfs you.
* * * LOW HITPOINT WARNING * * *
The starcursed mass closely misses you. The starcursed mass misses you.
Drink which item? (? for menu, Esc to quit)
You feel better. The starcursed mass closely misses you.
The starcursed mass misses you. The starcursed mass engulfs you.
Unknown command.
Unknown command.
You are suddenly pulled into a different region of the Abyss!
You start resting.
HP restored.
A small abomination comes into view.
The small abomination moves out of view.
Found a chain mail.
You see here a chain mail.
A hell hog comes into view.
The hell hog barely misses you.
You hit the hell hog.
The hell hog is lightly wounded.
A hell hog comes into view.
You hit the hell hog.
The hell hog is lightly wounded.
You hit the hell hog but do no damage.
The hell hog is lightly wounded.
The hell hog barely misses you.
You hit the hell hog.
The hell hog is lightly wounded.
You hit the hell hog.
The hell hog is lightly wounded.
The hell hog completely misses you.
You hit the hell hog but do no damage.
The hell hog is lightly wounded.
The hell hog sprays you with burning goo.
The sticky flame hits you!
You are covered in liquid flames!
You hit the hell hog but do no damage.
The hell hog is lightly wounded.
You are covered in liquid flames!
Unknown command.
You hit the hell hog.
The hell hog is moderately wounded.
You are covered in liquid flames!
You hit the hell hog.
The hell hog is moderately wounded.
You are covered in liquid flames!
The hell hog bites you!
You hit the hell hog.
The hell hog is moderately wounded.
You are covered in liquid flames!
You hit the hell hog.
The hell hog is moderately wounded.
You are covered in liquid flames!
The hell hog bites you but does no damage.
Unknown command.
You hit the hell hog.
The hell hog is moderately wounded.
You are covered in liquid flames!
* * * LOW HITPOINT WARNING * * *
You hit the hell hog.
The hell hog is heavily wounded.
You are covered in liquid flames!
* * * LOW HITPOINT WARNING * * *
The hell hog bites you!
You die...
Your body crumbles into a pile of gold.

#.#. . # ##
##.# ...#..#
#.. #. .##.#
##..#..#...##
# ####..# #
### #..# # # #
#.#.....#..##.
##.##.#.. ## #
#.@#.. h ## #
###h### ..#
##.# .###.#
#..# .## ###.
# .# . # . #
## . ## # #


You could see a hell hog.

Vanquished Creatures
  4 ogres
  3 giant frogs
  2 scorpions (D:4)
  An orc priest (D:7)
  2 hounds
  A jelly (D:6)
  4 worker ants
  7 gnolls
  6 adders
  A shadow imp (D:7)
  An adder skeleton (D:4)
  3 worms
  4 giant geckos
  13 orcs
  7 giant cockroaches
  9 goblins
  6 hobgoblins
  7 jackals
  A ball python (D:2)
  9 bats
  7 giant newts
  14 kobolds
  2 quokkas
  6 rats
120 creatures vanquished.

Action                   |  1- 3 |  4- 6 |  7- 9 || total
-------------------------+-------+-------+-------++-------
Melee: Dagger            |   111 |   128 |   136 ||   375
 Fire: Blowgun           |    20 |    19 |     6 ||    45
  Use: Scroll            |       |     1 |    10 ||    11
       Potion            |       |       |     2 ||     2
 Stab: Sleeping          |    11 |    13 |    10 ||    34
       Distracted        |       |       |     3 ||     3
  Eat: Pizza             |       |       |     1 ||     1
       Bread ration      |       |       |     1 ||     1

Action                   |  1- 3 |  4- 6 |  7- 9 || total
-------------------------+-------+-------+-------++-------
Melee: Dagger            |   111 |   128 |   136 ||   375
 Fire: Blowgun           |    20 |    19 |     6 ||    45
  Use: Scroll            |       |     1 |    10 ||    11
       Potion            |       |       |     2 ||     2
 Stab: Sleeping          |    11 |    13 |    10 ||    34
       Distracted        |       |       |     3 ||     3
  Eat: Pizza             |       |       |     1 ||     1
       Bread ration      |       |       |     1 ||     1
